 Dungeon Crawl Stone Soup version 0.15-a0-1729-g99b9770 (webtiles) character file.

1621269 valor the Conqueror (level 27, 198/272 (273) HPs)
             Began as a Minotaur Fighter on June 25, 2014.
             Was a High Priest of Okawaru.
             Escaped with the Orb
             ... and 3 runes on June 27, 2014!
             The game lasted 11:36:01 (79788 turns).

valor the Conqueror (Minotaur Fighter)             Turns: 79788, Time: 11:36:01

HP 198/272 (273) AC 25     Str 30      XL: 27
MP  33/33        EV 41     Int  7      God: Okawaru [*****.]
Gold 5182        SH 37     Dex 27      Spells:  0 memorised, 26 levels left

rFire  + + .     SeeInvis +     a - +14 obsidian axe {chop, +Fly Str+3 SInv Curse}
rCold  + + +     Clarity  .     g - +9 plate armour "Qietuffuu" {rF+ rC+ MR++}
rNeg   + . .     rCorr    .     s - +8 large shield {rPois}
rPois  +         rRot     .     c - -5 hat of Stapocul {rF+ rC++}
rElec  .         Spirit   .     Z - +2 cloak {MR+}
SustAb .         Warding  .     C - +2 pair of fencer's gloves {EV+3 Dex+6 Slay+2}
rMut   +         Stasis   .     y - +1 pair of boots {+Jump}
Gourm  .                        P - amulet of resist mutation
MR     +++++                    N - ring of positive energy
                                h - ring "Kizunla" {EV+5 Dex+1 Slay+5}

@: mighty, very slightly contaminated, hasted, very quick, almost entirely
resistant to hostile enchantments, extremely unstealthy
A: retaliatory headbutt, horns 2, deformed body, slow healing 1
a: Heroism, Finesse, Renounce Religion, Evoke Flight, Evoke Jump Attack
0: Orb of Zot
}: 3/15 runes: serpentine, barnacled, silver


You escaped.
You worshipped Okawaru.
Okawaru was extremely pleased with you.
You were full.

You visited 11 branches of the dungeon, and saw 62 of its levels.
You visited the Abyss 4 times.

You collected 7560 gold pieces.
You spent 2378 gold pieces at shops.

Inventory:

Hand weapons
 a - the +14 obsidian axe (weapon) {chop, +Fly Str+3 SInv Curse}
   (Okawaru gifted it to you on level 3 of the Vaults)

   It inflicts extra damage upon your enemies.
   It affects your strength (+3).
   It enhances your eyesight.
   It lets you fly.
   It may recurse itself when equipped.
 b - the +7 war axe "Omoi" {freeze, rElec}
   (Okawaru gifted it to you on level 1 of the Vaults)

   It has been specially enchanted to freeze those struck by it, causing extra
   injury to most foes and up to double damage against particularly susceptible
   opponents.
   It can also slow down cold-blooded creatures.
   It insulates you from electricity.
Armour
 c - the -5 hat of Stapocul (worn) {rF+ rC++}
   (Okawaru gifted it to you on level 5 of the Realm of Zot)

   It protects you from fire.
   It greatly protects you from cold.
 g - the +9 plate armour "Qietuffuu" (worn) {rF+ rC+ MR++}
   (You found it on level 2 of the Depths)

   It protects you from fire.
   It protects you from cold.
   It affects your resistance to hostile enchantments.
 p - a +1 shield of positive energy
 s - a +8 large shield of poison resistance (worn)
 y - a +1 pair of boots of jumping (worn)
 C - the +2 pair of fencer's gloves (worn) {EV+3 Dex+6 Slay+2}
   (Okawaru gifted it to you on level 8 of the Lair of Beasts)

   It affects your evasion (+3).
   It affects your dexterity (+6).
   It affects your accuracy and damage with ranged weapons and melee attacks
   (+2).
 O - a +2 pair of boots of flying
 Q - a +2 hat
 Z - a +2 cloak of magic resistance (worn)
Magical devices
 i - a wand of draining (8)
 n - a wand of digging (16)
 K - a wand of heal wounds (2)
 X - a wand of invisibility (3)
Comestibles
 d - 5 bread rations
 m - 2 royal jellies
 R - 4 meat rations
Scrolls
 j - 3 scrolls of enchant weapon
 k - 4 scrolls of brand weapon
 l - 6 scrolls of magic mapping
 o - 19 scrolls of teleportation
 q - 5 scrolls of blinking
 v - a scroll of summoning
 z - 9 scrolls of remove curse
 A - 2 scrolls of identify
 F - a scroll of recharging
 J - 2 scrolls of silence
 M - 6 scrolls of fear
 T - a scroll of holy word
 W - 6 scrolls of fog
Jewellery
 h - the ring "Kizunla" (left hand) {EV+5 Dex+1 Slay+5}
   (You took it off an ironbrand convoker on level 5 of the Vaults)

   [ring of evasion]

   It affects your evasion (+5).
   It affects your dexterity (+1).
   It affects your accuracy and damage with ranged weapons and melee attacks
   (+5).
 B - an uncursed amulet of clarity
 D - an uncursed ring of sustain abilities
 G - an uncursed ring of protection from magic
 N - a ring of positive energy (right hand)
 P - an amulet of resist mutation (around neck)
 S - the ring of Shaolin {EV+8}
   (You took it off a deep elf mage on level 3 of the Elven Halls)

   [ring of evasion]

   It affects your evasion (+8).
Potions
 e - 17 potions of curing
 f - a potion of cure mutation
 r - 4 potions of brilliance
 w - 7 potions of restore abilities
 x - a potion of agility
 H - a potion of invisibility
 L - 2 potions of resistance
 Y - 3 potions of might


   Skills:
 O Level 27 Fighting
 O Level 27 Axes
   Level 0.2(13.9) Maces & Flails
 + Level 14.0 Armour
 + Level 24.0 Dodging
 - Level 1.0 Stealth
 O Level 27 Shields
 - Level 4.0 Invocations
 * Level 11.0 Evocations


You had 26 spell levels left.
You didn't know any spells.

Dungeon Overview and Level Annotations

Branches:
Dungeon (15/15)            Temple (1/1) D:6             Orc (4/4) D:10
    Elf (3/3) Orc:4          Lair (8/8) D:9          Shoals (5/5) Lair:6
  Snake (5/5) Lair:5        Slime (6/6) Lair:8       Vaults (5/5) D:13
  Crypt (0/3) Vaults:2        Zot (5/5) Depths:5     Depths (5/5) D:15

Altars:
Ashenzari
Cheibriados
Dithmenos
Elyvilon
Fedhas
Gozag
Kikubaaqudgha
Makhleb
Nemelex Xobeh
Okawaru
Qazlal
Sif Muna
Trog
Vehumet
Xom
Yredelemnul
Zin
The Shining One
Lugonu

Shops:
D:4 [   D:7 [   D:13 ?   D:15 [   Orc:2 [   Orc:4 }=*(   Snake:5 :   Vaults:1 (
Vaults:3 *[}

Portals:
Hell: Lair:8 Depths:1 Depths:2 Depths:3 Depths:4 Depths:5
Abyss: Depths:4
Pandemonium: Depths:2 Depths:3
Ziggurat: Depths:1

Annotations:
D:7 exclusion: ice statue
Lair:1 exclusion: oklob plant


Innate Abilities, Weirdness & Mutations

You reflexively headbutt those who attack you in melee.
You have a pair of horns on your head.
Armour fits poorly on your strangely shaped body.
You heal slowly when monsters are visible.


Message History

Evoke which item? (* to show all) (? for menu, Esc to quit)
Zapping:
i - a wand of draining
Press: ? - help, Shift-Dir - straight line, f - you
Okay, then.
Evoke which item? (* to show all) (? for menu, Esc to quit)
Zapping:
n - a wand of digging {zapped: 3}
Press: ? - help, Shift-Dir - straight line The rock shatters into small pieces.
A crimson imp comes into view.
Visions of slaying the crimson imp flood into your mind.
The crimson imp shouts!
There is a staircase leading out of the dungeon here.
You block the crimson imp's attack.
You slice the crimson imp!! You open a gate to Pandemonium!
A demon appears!
You break out of your daze!
You kill the crimson imp!
Okawaru accepts your kill.
You swap places.
There is a staircase leading out of the dungeon here.
You have escaped!

# ##.......## #
##..##.#...## #
##...#..##...## #
##..#.#..###...#
# ##.)##..#.#
##..##
###..###.##.#
##..# ##..##
#..#.####...#
...##
#......#....####
..##
#.####(.4@.....#
...##
#......#.4..####
##..##
#.##.####...#
##..###.##.#
##..# ##..##....#
##...#
##..#.#..###...##
##)..#..##...##
##..##.#...##
##..)....##


You could see a friendly sixfirhy and a friendly red devil.

Vanquished Creatures
  Dissolution (Slime:3)
  7 orbs of fire
  4 pandemonium lords
  5 ancient liches
  Saint Roka (Elf:2)
  Margery (Vaults:4)
  A Killer Klown (Zot:5)
  Mara (Depths:4)
  Mennas (Vaults:2)
  11 golden dragons
  2 electric golems (Zot:5)
  the Enchantress (Depths:1)
  A bone dragon (Vaults:2)
  A Hell Sentinel (D:1)
  Asterion (Shoals:5)
  An Ice Fiend (D:1)
  9 tentacled monstrosities
  23 Orb Guardians
  2 deep elf blademasters (Elf:3)
  10 titans
  A Shadow Fiend (Depths:2)
  2 deep elf master archers (Elf:3)
  2 Executioners
  A kraken (Shoals:1)
  5 storm dragons
  Polyphemus (Shoals:5)
  8 liches
  7 acid blobs
  A quicksilver dragon (Vaults:5)
  10 sphinxes
  Rupert (D:14)
  Agnes (Elf:2)
  Frances (Shoals:2)
  6 tentacled starspawn (Abyss:1)
  10 tengu reavers
  7 shadow dragons
  3 draconian monks
  3 azure jellies
  Ilsuiw (Shoals:5)
  11 greater nagas
  2 draconian scorchers (Zot:4)
  Wiglaf (Snake:3)
  A balrug (Depths:3)
  10 fire giants
  7 frost giants
  3 ghost moths
  An iron dragon (Depths:4)
  15 vault wardens
  Aizul (Snake:2)
  An emperor scorpion (Depths:3)
  19 deep elf sorcerers
  2 draconian zealots
  An octopode crusher (Shoals:3)
  8 spriggan defenders
  3 draconian annihilators
  A draconian shifter (Zot:4)
  A reaper (Abyss:1)
  A draconian caller (Depths:5)
  8 war gargoyles
  8 deep elf demonologists
  A vampire knight (Depths:4)
  17 stone giants
  5 grey draconians
  6 green draconians
  5 purple draconians
  5 red draconians
  A starcursed mass (Abyss:1)
  2 lorocyprocas
  11 deep elf annihilators
  Azrael (Snake:2)
  3 white draconians (Zot:5)
  6 dire elephants
  2 pale draconians (Zot:2)
  4 black draconians
  A mottled draconian (shapeshifter) (Vaults:5)
  A mottled draconian (Zot:5)
  2 yellow draconians
  2 green deaths
  14 ettins
  6 merfolk javelineers
  31 vault guards
  A quicksilver dragon zombie (Abyss:1)
  3 sirens
  16 merfolk impalers
  7 minotaurs
  3 rakshasas
  10 fire dragons
  A minotaur (shapeshifter) (Depths:2)
  2 death oozes (Slime:4)
  11 crystal guardians
  A siren (shapeshifter) (Depths:2)
  10 great orbs of eyes
  4 deep elf death magi
  8 ironheart preservers
  A ghost crab (shapeshifter) (D:15)
  7 deep elf high priests
  A great orb of eyes (shapeshifter) (Depths:2)
  16 yaktaur captains
  4 spriggan air magi
  Harold (D:12)
  14 naga warriors
  7 hydras
  A ravenous feature mimic (Vaults:1)
  8 ravenous item mimics
  15 ice dragons
  4 death cobs
  7 anacondas
  A quicksilver dragon skeleton (Abyss:1)
  Erica (D:12)
  2 alligator snapping turtles
  13 ogre magi
  6 merfolk aquamancers
  9 tengu warriors
  16 dancing weapons
  2 deep troll earth magi
  37 death yaks
  The ghost of Arvee the Basher, an experienced OgFi of Okawaru (D:8)
  4 satyrs
  4 deep troll shamans
  A hell hog (Depths:1)
  3 death yaks (shapeshifter)
  Urug (D:15)
  3 catoblepae
  8 spriggan berserkers
  27 naga sharpshooters
  3 sun demons
  A thrashing horror (Abyss:1)
  5 hell knights
  A shock serpent (shapeshifter) (Depths:2)
  3 soul eaters
  8 shock serpents
  18 very ugly things
  15 centaur warriors
  2 salamander mystics
  2 wretched stars (Abyss:1)
  8 sea snakes
  20 deep elf knights
  3 ice devils
  5 skeletal warriors
  A giant orange brain (shapeshifter) (Depths:5)
  A shadow wraith (Vaults:1)
  A fire crab (Vaults:3)
  A spatial maelstrom (Abyss:1)
  An unseen horror (shapeshifter) (Elf:2)
  2 flayed ghosts (Depths:3)
  A golden dragon zombie (Zot:5)
  4 large abominations
  2 ball lightnings (Depths:2)
  17 deep trolls
  7 unseen horrors
  2 iron trolls (Depths:3)
  4 giant orange brains
  2 water nymphs (shapeshifter)
  8 naga ritualists
  9 deep elf summoners
  13 ironbrand convokers
  3 harpies (shapeshifter)
  4 spectral humans (Vaults:5)
  2 silver statues (Depths:2)
  6 water nymphs
  Erolcha (D:9)
  2 mana vipers (shapeshifter) (Depths:2)
  A sphinx zombie (Depths:1)
  8 cyclopes
  10 hill giants
  13 deep elf conjurers
  16 griffons
  3 orc sorcerers
  5 mana vipers
  10 orc knights
  A cyclops (shapeshifter) (Elf:1)
  A draconian zombie (Zot:5)
  A human zombie (Vaults:4)
  A wolf spider (Vaults:1)
  4 necromancers
  3 wizards
  34 harpies
  A stone giant zombie (Depths:1)
  7 shining eyes
  5 red wasps
  A black mamba (shapeshifter) (Vaults:1)
  7 salamanders
  12 spiny frogs
  11 manticores
  10 vault sentinels
  4 guardian serpents
  A stone giant skeleton (Vaults:4)
  13 moths of wrath
  15 fauns
  A mermaid (shapeshifter) (Vaults:5)
  Maurice (D:9)
  5 sixfirhies
  3 drowned souls (Shoals:4)
  11 mermaids
  3 spectral elves
  3 molten gargoyles (Depths:2)
  2 elephants (shapeshifter)
  A queen ant (D:13)
  A tormentor (D:11)
  4 smoke demons
  An apocalypse crab (Abyss:1)
  2 iron devils
  A red wasp (shapeshifter) (Depths:1)
  2 item mimics
  2 eyes of devastation
  A storm dragon simulacrum (Abyss:1)
  2 torpor snails
  22 naga magi
  An orange crystal statue (Depths:2)
  Psyche (D:8)
  6 orange demons
  A kobold demonologist (D:14)
  A white draconian zombie (Zot:5)
  45 yaktaurs
  2 feature mimics
  15 komodo dragons
  36 black mambas
  A death yak zombie (Depths:1)
  4 komodo dragons (shapeshifter)
  A centaur zombie (D:14)
  A yaktaur (shapeshifter) (Depths:2)
  A yaktaur zombie (Vaults:4)
  2 hellwings
  2 fire drakes
  3 jumping spiders
  2 freezing wraiths
  6 tengu conjurers
  A polar bear (Depths:3)
  A queen bee (shapeshifter) (Depths:3)
  A minotaur zombie (Depths:1)
  6 blue devils
  2 elf skeletons
  A merfolk (shapeshifter) (Depths:2)
  A polar bear (shapeshifter) (Elf:2)
  14 trolls
  10 deep elf priests
  21 two-headed ogres
  5 red devils
  5 wind drakes
  4 fire vortices
  A tengu simulacrum (Vaults:1)
  A raiju (shapeshifter) (Vaults:2)
  A catoblepas zombie (D:10)
  23 blink frogs
  A jumping spider (shapeshifter) (Vaults:1)
  18 ravens
  55 merfolk
  A hydra skeleton (D:13)
  3 wind drakes (shapeshifter)
  13 snapping turtles
  7 boulder beetles
  3 raiju (Abyss:1)
  2 fire dragon zombies (Depths:1)
  A snapping turtle (shapeshifter) (Depths:1)
  93 slime creatures
  A raven (shapeshifter) (Depths:2)
  A frost giant simulacrum (Vaults:2)
  A spriggan zombie (Depths:1)
  5 air elementals
  4 basilisks
  6 spriggans
  2 ynoxinuls
  16 fire elementals
  5 redbacks
  3 wyverns
  5 flying skulls (Abyss:1)
  31 water elementals
  31 deep elf magi
  17 golden eyes
  A shadow (Abyss:1)
  9 sharks
  A tarantella (shapeshifter) (Depths:2)
  41 yaks
  2 hill giant zombies
  42 ugly things
  A hungry ghost (D:9)
  2 tarantellas
  An emperor scorpion simulacrum (Depths:1)
  2 wraiths
  Eustachio (D:9)
  A redback (shapeshifter) (Vaults:5)
  A black mamba skeleton (Abyss:1)
  A hippogriff (shapeshifter) (Vaults:1)
  8 hippogriffs
  2 hill giant skeletons
  15 vampire mosquitoes
  25 deep elf fighters
  A centaur simulacrum (D:15)
  A trapdoor spider (Abyss:1)
  A golden eye (shapeshifter) (Vaults:4)
  5 chaos spawn
  A spatial vortex (Abyss:1)
  6 neqoxecs
  5 wargs
  Menkaure (D:6)
  A mottled dragon (shapeshifter) (Depths:2)
  3 mottled dragons
  39 water moccasins
  14 hell hounds
  A soldier ant (shapeshifter) (Vaults:1)
  11 wolves
  15 soldier ants
  23 orc warriors
  50 nagas
  5 small abominations
  A swamp drake (D:10)
  3 ice beasts
  7 porcupines
  5 boggarts (Vaults:2)
  5 sky beasts
  A tengu (shapeshifter) (Vaults:5)
  A human simulacrum (Vaults:3)
  A phantom (D:8)
  2 black bears
  8 spiders
  63 ogres
  4 yellow wasps (Depths:3)
  31 centaurs
  4 boring beetles
  12 crocodiles
  A necrophage (D:11)
  Sigmund (D:2)
  Duvessa (D:8)
  A big kobold (D:9)
  A crocodile (shapeshifter) (Depths:2)
  2 brain worms
  23 giant frogs
  7 earth elementals (Depths:2)
  Blork the orc (D:5)
  A cyclops zombie (D:8)
  2 insubstantial wisps (Depths:2)
  A yaktaur skeleton (D:12)
  10 eyes of draining
  4 scorpions
  14 killer bees
  A killer bee (shapeshifter) (Depths:2)
  A troll zombie (D:13)
  12 wights
  A hippogriff skeleton (D:5)
  Dowan (D:8)
  An electric eel (Orc:3)
  11 crimson imps
  A big fish (Lair:6)
  16 hounds
  A goliath beetle (D:9)
  16 jellies
  A spectral porcupine (Depths:3)
  27 orc priests
  10 iguanas
  8 iron imps
  9 orange rats
  41 worker ants
  A quasit (Depths:2)
  A two-headed ogre skeleton (D:6)
  2 giant frog skeletons
  A kobold skeleton (D:13)
  33 orc wizards
  9 sheep
  A big kobold zombie (D:11)
  A mottled dragon skeleton (D:13)
  A hound skeleton (D:8)
  3 gnolls
  An orc zombie (Vaults:4)
  32 adders
  83 green rats
  4 shadow imps
  2 white imps
  A giant mite (D:3)
  2 worms
  14 ufetubi
  A giant eyeball (Slime:3)
  5 giant geckos
  5 oozes
  168 orcs
  A bat zombie (D:5)
  8 giant cockroaches
  19 goblins
  15 hobgoblins
  14 jackals
  18 kobolds
  22 quokkas
  3 ball pythons
  14 bats
  7 giant newts
  2 giant spores
  A kobold zombie (D:7)
  A lurking horror (Abyss:1)
  An orc skeleton (Vaults:4)
  12 rats
  A ballistomycete (D:11)
  2 butterflies (D:1)
  6 crawling corpses
  19 fungi
  14 plants
  4 starspawn tentacles (Abyss:1)
  4 tentacles (Shoals:1)
2970 creatures vanquished.

Vanquished Creatures (collateral kills)
  A pandemonium lord (Depths:2)
  An electric golem (Zot:5)
  A bone dragon (Depths:5)
  A lich (Vaults:5)
  6 Orb Guardians
  A titan (Vaults:5)
  3 storm dragons
  A shadow dragon (Vaults:5)
  A tengu reaver (Vaults:5)
  A draconian monk (Zot:4)
  3 frost giants
  3 fire giants
  An iron dragon (Vaults:5)
  A draconian scorcher (Zot:5)
  2 emperor scorpions
  4 vault wardens (Vaults:5)
  A draconian annihilator (Zot:4)
  A draconian shifter (Zot:5)
  2 stone giants
  A vault guard (Vaults:5)
  4 yaktaur captains
  2 rakshasas (Depths:4)
  2 death cobs
  An ice dragon (Depths:3)
  An ogre mage (Vaults:3)
  A satyr (shapeshifter) (Depths:2)
  5 death yaks
  A very ugly thing (Depths:3)
  2 hell knights (Vaults:4)
  A sea snake (shapeshifter) (Vaults:5)
  2 deep trolls (Depths:4)
  3 ironbrand convokers
  A deep elf conjurer (Vaults:5)
  A salamander (Depths:4)
  A phantasmal warrior (Vaults:5)
  A manticore (Depths:4)
  A smoke demon (Vaults:5)
  A molten gargoyle (Zot:4)
  An iron devil (D:1)
  6 yaktaurs
  2 naga magi (Snake:3)
  A troll (Vaults:4)
  A tengu conjurer (Depths:3)
  3 slime creatures (Vaults:3)
  2 two-headed ogres (Vaults:3)
  A ynoxinul (Depths:2)
  2 water elementals (Depths:4)
  A redback (Vaults:5)
  4 ugly things
  A boulder beetle (shapeshifter) (Depths:2)
  A naga (Snake:3)
  An ettin simulacrum (Vaults:3)
  5 ogres
  A troll zombie (Vaults:4)
100 creatures vanquished.

Vanquished Creatures (others)
  The ghost of WhatIsLove the Eclecticist, a powerful DECj of Vehumet (Orc:3)
  A naga warrior (Snake:5)
  3 soul eaters
  10 sun demons
  6 ice devils
  A salamander mystic (Snake:5)
  14 ball lightnings
  A deep elf conjurer (Vaults:1)
  A draconian zombie (Zot:5)
  A manticore (shapeshifter) (Depths:2)
  A black mamba (Snake:3)
  6 sixfirhies
  4 drowned souls (Shoals:4)
  11 smoke demons
  A vault sentinel (Vaults:3)
  3 naga magi
  3 orange demons
  6 iron devils
  9 blue devils
  6 hellwings
  6 red devils
  A fire vortex (Depths:2)
  8 ynoxinuls
  A water elemental (Depths:2)
  3 air elementals
  11 neqoxecs
  12 chaos spawn
  A water moccasin (shapeshifter) (Depths:2)
  A small abomination (Abyss:1)
  An orc warrior (Vaults:4)
  3 ogres
  An insubstantial wisp (Depths:2)
  2 crimson imps
  3 green rats (Lair:8)
  3 white imps (Zot:5)
  59 ufetubi
  An orc (Orc:3)
  A giant spore (D:6)
  3 fungi
  2 plants
  9 starspawn tentacles (Abyss:1)
  18 starspawn tentacle segments (Abyss:1)
  8 tentacles (Shoals:1)
  167 tentacle segments (Shoals:1)
414 creatures vanquished.

Grand Total: 3484 creatures vanquished

Notes
Turn   | Place    | Note
--------------------------------------------------------------
     0 | D:1      | valor, the Minotaur Fighter, began the quest for the Orb.
     0 | D:1      | Reached XP level 1. HP: 19/19 MP: 1/1
   209 | D:1      | Reached skill level 4 in Armour
   219 | D:1      | Reached XP level 2. HP: 21/27 MP: 1/1
   661 | D:2      | Reached XP level 3. HP: 26/33 MP: 2/2
   913 | D:2      | Noticed Sigmund
   925 | D:2      | Killed Sigmund
   925 | D:2      | Reached skill level 1 in Dodging
   925 | D:2      | Reached XP level 4. HP: 8/41 MP: 2/2
   925 | D:2      | Reached XP level 5. HP: 9/47 MP: 2/2
  1635 | D:3      | Found a radiant altar of Vehumet.
  2156 | D:3      | Reached skill level 5 in Shields
  2228 | D:3      | Found a shadowy altar of Dithmenos.
  2575 | D:4      | Reached XP level 6. HP: 50/53 MP: 3/3
  2611 | D:4      | Found Quutawkank's Antique Armour Boutique.
  2685 | D:4      | Reached skill level 5 in Armour
  2922 | D:4      | Found a basalt altar of Yredelemnul.
  3024 | D:4      | Reached skill level 5 in Fighting
  3296 | D:5      | Entered Level 5 of the Dungeon
  3462 | D:5      | Noticed Blork the orc
  3471 | D:5      | Killed Blork the orc
  3471 | D:5      | Reached XP level 7. HP: 58/61 MP: 3/3
  3841 | D:5      | Reached skill level 5 in Axes
  3841 | D:5      | Reached skill level 6 in Shields
  5003 | D:6      | Found a staircase to the Ecumenical Temple.
  5027 | Temple   | Entered the Ecumenical Temple
  5100 | Temple   | Became a worshipper of Warmaster Okawaru
  5124 | D:6      | Reached XP level 8. HP: 66/70 MP: 3/3
  5271 | D:6      | Reached skill level 7 in Shields
  5296 | D:6      | Found a shattered altar of Ashenzari.
  5304 | D:6      | Noticed Menkaure
  5314 | D:6      | Killed Menkaure
  5673 | D:7      | Acquired Okawaru's first power
  5886 | D:7      | Found Nuip's Antique Armour Shoppe.
  6018 | D:4      | Bought a faintly glowing ring mail for 252 gold pieces
  6032 | D:4      | Identified the +4 ring mail of a volcano {Str+2 Dex+4} (You bought it in a shop on level 4 of the Dungeon)
  6208 | D:7      | Reached skill level 5 in Dodging
  6235 | D:7      | Noticed an ice statue
  6554 | D:8      | Reached skill level 1 in Stealth
  6554 | D:8      | Reached XP level 9. HP: 61/78 MP: 4/4
  6678 | D:8      | Noticed Arvee's ghost (experienced OgFi)
  6714 | D:8      | Killed Arvee's ghost
  6714 | D:8      | Reached skill level 8 in Shields
  6771 | D:8      | Noticed Psyche
  6780 | D:8      | Killed Psyche
  7154 | D:8      | Found a flagged portal.
  7754 | D:8      | Noticed Dowan
  7765 | D:8      | Noticed Duvessa
  7776 | D:8      | Killed Duvessa
  7784 | D:8      | Killed Dowan
  7846 | D:9      | Noticed Eustachio
  7860 | D:9      | Killed Eustachio
  7908 | D:9      | Found a staircase to the Lair.
  7935 | D:9      | Noticed a death yak
  7960 | D:8      | Reached XP level 10. HP: 87/90 MP: 4/4
  7992 | D:9      | Killed a death yak
  7992 | D:9      | Reached skill level 9 in Fighting
  8024 | D:9      | Noticed Maurice
  8033 | D:9      | Killed Maurice
  8071 | D:9      | Noticed Erolcha
  8086 | D:9      | Killed Erolcha
  8239 | D:9      | Found a burning altar of Makhleb.
  8244 | D:9      | Found a glowing silver altar of Zin.
  8244 | D:9      | Noticed an angel
  8244 | D:9      | Noticed a blizzard demon
  8605 | D:10     | Entered Level 10 of the Dungeon
  9200 | D:10     | Reached skill level 10 in Fighting
  9324 | D:10     | Found a staircase to the Orcish Mines.
  9474 | D:11     | Reached skill level 10 in Axes
  9490 | D:11     | Reached skill level 10 in Shields
  9496 | D:11     | Reached XP level 11. HP: 97/100 MP: 4/4
  9551 | D:11     | Found a glowing golden altar of the Shining One.
  9699 | D:11     | Noticed a hill giant
  9728 | D:11     | Killed a hill giant
  9850 | D:11     | Noticed a cyclops
  9860 | D:11     | Killed a cyclops
  9860 | D:11     | Acquired Okawaru's second power
  9929 | D:11     | Reached skill level 11 in Fighting
  9983 | D:11     | Received a gift from Okawaru
 10368 | D:12     | Noticed Harold
 10774 | D:12     | Found an opulent altar of Gozag.
 10822 | D:12     | Killed Harold
 10906 | D:12     | Killed an unseen horror
 11203 | D:12     | Noticed Erica
 11220 | D:12     | Killed Erica
 11610 | D:12     | Reached skill level 12 in Fighting
 12268 | D:13     | Reached XP level 12. HP: 112/112 MP: 3/5
 12443 | D:13     | Noticed a tengu warrior
 12445 | D:13     | Noticed a tengu warrior
 12461 | D:13     | Killed a tengu warrior
 12461 | D:13     | Reached skill level 10 in Dodging
 12474 | D:13     | Killed a tengu warrior
 12474 | D:13     | Reached skill level 1 in Evocations
 12828 | D:13     | Found Psaaff's Magic Scroll Shoppe.
 12832 | D:13     | Bought a scroll of magic mapping for 52 gold pieces
 12941 | D:13     | Noticed a deep elf knight
 13276 | D:13     | Noticed a tengu warrior
 13291 | D:13     | Reached skill level 13 in Fighting
 13320 | D:12     | Received a gift from Okawaru
 13616 | D:13     | Killed a tengu warrior
 14747 | D:13     | Killed a deep elf knight
 14755 | D:13     | Noticed a centaur warrior
 14762 | D:13     | Killed a centaur warrior
 14762 | D:13     | Reached XP level 13. HP: 109/122 MP: 7/7
 14806 | D:13     | Found a gate to the Vaults.
 14818 | D:13     | Noticed a skeletal warrior
 14852 | D:13     | Killed a skeletal warrior
 15499 | D:10     | Killed an unseen horror
 15673 | D:10     | Paralysed by a potion of paralysis for 2 turns
 15676 | D:10     | Gained mutation: Your vision is a little blurry. [potion of mutation]
 15676 | D:10     | Gained mutation: You have large cloven feet. [potion of mutation]
 15676 | D:10     | Gained mutation: You are clumsy. (Dex -2) [potion of mutation]
 15677 | D:10     | Lost mutation: You are clumsy. (Dex -2) [potion of cure mutation]
 15677 | D:10     | Lost mutation: Your vision is a little blurry. [potion of cure mutation]
 15677 | D:10     | Lost mutation: You have large cloven feet. [potion of cure mutation]
 15931 | Lair:1   | Entered Level 1 of the Lair of Beasts
 16006 | Lair:1   | Found an iron altar of Okawaru.
 16971 | Lair:2   | Reached skill level 14 in Fighting
 17605 | Lair:2   | Gained mutation: Your flesh is heat resistant. [potion of beneficial mutation]
 18494 | Lair:4   | Reached skill level 1 in Invocations
 18588 | Lair:4   | Received a gift from Okawaru
 19431 | Lair:5   | Found a staircase to the Snake Pit.
 19623 | Lair:5   | Received a gift from Okawaru
 19630 | Lair:5   | Received a gift from Okawaru
 19631 | Lair:5   | Got a warped cutlass {god gift}
 19632 | Lair:5   | Identified the +0 cutlass of Omamitym {slice, MR+} (Okawaru gifted it to you on level 5 of the Lair of Beasts)
 19847 | Lair:5   | Reached XP level 14. HP: 124/133 MP: 5/8
 19907 | Lair:5   | Got a dull robe
 19908 | Lair:5   | Identified the +2 robe "Pnil Ses" {rC++} (You found it on level 5 of the Lair of Beasts)
 20733 | Lair:6   | Reached skill level 15 in Fighting
 20842 | Lair:6   | Received a gift from Okawaru
 21156 | Lair:6   | Found a staircase to the Shoals.
 22176 | Lair:8   | Entered Level 8 of the Lair of Beasts
 22186 | Lair:8   | Found a staircase to the Slime Pits.
 22800 | Lair:8   | Reached skill level 16 in Fighting
 22924 | Lair:8   | Received a gift from Okawaru
 23416 | Lair:8   | Reached XP level 15. HP: 94/144 MP: 8/11
 23593 | Lair:8   | Found a burning altar of Makhleb.
 23635 | Lair:8   | Reached skill level 15 in Axes
 23784 | Lair:8   | Found a gateway to Hell.
 24275 | Orc:1    | Entered Level 1 of the Orcish Mines
 24389 | Orc:1    | Found a shimmering altar of Xom.
 25101 | Orc:2    | Found Grapsism's Antique Armour Boutique.
 26037 | Orc:3    | Noticed WhatIsLove's ghost (powerful DECj)
 26043 | Orc:3    | Killed WhatIsLove's ghost
 26044 | Orc:3    | HP: 3/145 [ball lightning[WhatIsLove's ghost] (25)]
 26713 | Orc:3    | Reached skill level 15 in Shields
 26886 | Orc:2    | Bought a slimy ring mail for 252 gold pieces
 26886 | Orc:2    | Bought a slimy ring mail for 252 gold pieces
 26899 | Orc:2    | Identified the +2 ring mail "Shaeluisch" {+Rage rElec} (You bought it in a shop on level 2 of the Orcish Mines)
 26910 | Orc:2    | Identified the +4 ring mail "Oro Mada" {SInv} (You bought it in a shop on level 2 of the Orcish Mines)
 27054 | Orc:4    | Entered Level 4 of the Orcish Mines
 27632 | Orc:4    | Found Onkapyno's Antique Weapon Shoppe.
 27698 | Orc:4    | Found Zyenon's Jewellery Shoppe.
 27743 | Orc:4    | Found Giupneam's General Store.
 27775 | Orc:4    | Found Tufec's Gadget Boutique.
 27818 | Orc:4    | Bought a scroll of identify for 26 gold pieces
 27818 | Orc:4    | Bought the +4 broad axe "Jodymmi" {freeze, *Rage rF++} for 644 gold pieces
 27998 | Orc:4    | Found a staircase to the Elven Halls.
 28554 | Shoals:1 | Entered Level 1 of the Shoals
 28841 | Shoals:1 | Noticed a kraken
 28871 | Shoals:1 | Killed a kraken
 29375 | Shoals:2 | Noticed Frances
 29386 | Shoals:2 | Killed Frances
 29477 | Shoals:2 | Reached skill level 17 in Fighting
 30027 | Shoals:2 | Reached skill level 10 in Armour
 30465 | Shoals:3 | Received a gift from Okawaru
 30630 | Shoals:3 | Reached XP level 16. HP: 89/155 MP: 15/15
 31995 | Shoals:3 | Reached skill level 18 in Fighting
 32293 | Shoals:4 | Received a gift from Okawaru
 33187 | Shoals:4 | Received a gift from Okawaru
 33605 | Shoals:5 | Entered Level 5 of the Shoals
 33873 | Shoals:5 | Reached skill level 15 in Dodging
 34242 | Shoals:5 | Identified the Compendium of the Snowflakes
 34324 | Shoals:5 | Noticed Asterion
 34369 | Shoals:5 | Noticed a spectral weapon
 34370 | Shoals:5 | Killed Asterion
 34370 | Shoals:5 | Reached XP level 17. HP: 166/166 MP: 10/17
 34513 | Shoals:5 | Noticed Ilsuiw
 34560 | Shoals:5 | Killed Ilsuiw
 34581 | Shoals:5 | Received a gift from Okawaru
 34623 | Shoals:5 | Noticed Polyphemus
 34692 | Shoals:5 | Killed Polyphemus
 35017 | Shoals:5 | Identified Mniumiah's Reference Book on Arcane Weapons (You found it on level 5 of the Shoals)
 35302 | Shoals:5 | Reached skill level 19 in Fighting
 35869 | Shoals:5 | Got a barnacled rune of Zot
 35900 | Shoals:5 | Received a gift from Okawaru
 36349 | Snake:1  | Entered Level 1 of the Snake Pit
 36508 | Snake:1  | Received a gift from Okawaru
 36984 | Snake:2  | Noticed Aizul
 37578 | Snake:2  | Killed Aizul
 37613 | Snake:2  | Got a jewelled mace
 37614 | Snake:2  | Identified the +4 mace of Crusades {crush, Str+1 Int+2} (You found it on level 2 of the Snake Pit)
 37994 | Snake:2  | Noticed Azrael
 38010 | Snake:2  | Killed Azrael
 38190 | Snake:3  | Received a gift from Okawaru
 38502 | Snake:3  | Reached XP level 18. HP: 177/177 MP: 18/18
 39115 | Snake:3  | Noticed Wiglaf
 39160 | Snake:3  | Killed Wiglaf
 40365 | Snake:4  | Reached skill level 20 in Fighting
 40728 | Snake:5  | Entered Level 5 of the Snake Pit
 40770 | Snake:5  | Received a gift from Okawaru
 40970 | Snake:5  | Received a gift from Okawaru
 41587 | Snake:5  | Found Khiekke's Book Shop.
 41680 | Snake:5  | Identified a scroll of acquirement
 41681 | Snake:5  | Got a pair of ancient gloves
 41685 | Snake:5  | Identified the +0 pair of gloves of the Wasteland {+Inv rPois} (You acquired it on level 5 of the Snake Pit)
 42054 | Snake:5  | Got a serpentine rune of Zot
 42084 | Snake:5  | Reached XP level 19. HP: 183/183 MP: 18/18
 42093 | Snake:5  | Received a gift from Okawaru
 42507 | Lair:2   | Upgraded the game from 0.15-a0-1689-gfa11693 to 0.15-a0-1723-gae8f746
 42739 | Elf:1    | Entered Level 1 of the Elven Halls
 43701 | Elf:2    | Noticed Saint Roka
 43722 | Elf:2    | Killed Saint Roka
 43722 | Elf:2    | Received a gift from Okawaru
 44472 | Elf:2    | Noticed Agnes
 44489 | Elf:2    | Killed Agnes
 44595 | Elf:2    | Cast into the Abyss (deep elf demonologist)
 44638 | Abyss:1  | Gained mutation: You are weak. (Str -2) [a neqoxec]
 44641 | Abyss:1  | Gained mutation: Your body is slowly deteriorating. [a neqoxec]
 44718 | Elf:2    | Escaped the Abyss
 44726 | Elf:2    | Lost mutation: Your body is slowly deteriorating. [potion of cure mutation]
 44726 | Elf:2    | Lost mutation: You are weak. (Str -2) [potion of cure mutation]
 44726 | Elf:2    | Lost mutation: Your flesh is heat resistant. [potion of cure mutation]
 45011 | Elf:2    | Identified the Compendium of Abstinence
 45209 | Elf:3    | Entered Level 3 of the Elven Halls
 45829 | Elf:3    | Received a gift from Okawaru
 46229 | Elf:3    | Reached skill level 21 in Fighting
 46691 | Elf:3    | Noticed a Brimstone Fiend
 46713 | Elf:3    | Cast into the Abyss (deep elf demonologist)
 47571 | Elf:3    | Escaped the Abyss
 47653 | Elf:3    | Reached XP level 20. HP: 176/194 MP: 19/19
 48093 | Elf:3    | Got a jewelled falchion
 48094 | Elf:3    | Identified the +10 falchion "Killer Bee's Death" {holy, Int+3} (You took it off a deep elf sorcerer on level 3 of the Elven Halls)
 48314 | Elf:3    | Cast into the Abyss (deep elf sorcerer)
 48314 | Abyss:1  | Found a corrupted altar of Lugonu.
 48720 | Elf:3    | Escaped the Abyss
 48933 | Elf:3    | Cast into the Abyss (deep elf sorcerer)
 48942 | Abyss:1  | Found a corrupted altar of Lugonu.
 49319 | Elf:3    | Escaped the Abyss
 49480 | Elf:3    | Got a twitching copper amulet
 49482 | Elf:3    | Identified the amulet of Dithmenos' Indignation {+Rage Str+4 Dex+5} (You found it on level 3 of the Elven Halls)
 50257 | Slime:1  | Entered Level 1 of the Pits of Slime
 50809 | Slime:2  | Reached skill level 22 in Fighting
 51025 | Slime:3  | Gained mutation: You are dopey. (Int -2) [a shining eye]
 51076 | Slime:3  | Noticed Dissolution
 51742 | Slime:3  | Killed Dissolution
 53962 | Slime:4  | Reached XP level 21. HP: 206/206 MP: 7/20
 54130 | Slime:6  | Entered Level 6 of the Pits of Slime
 54147 | Slime:5  | Lost mutation: You are dopey. (Int -2) [potion of cure mutation]
 54818 | D:14     | Noticed Rupert
 54842 | D:14     | Killed Rupert
 55286 | D:15     | Entered Level 15 of the Dungeon
 55311 | D:15     | Noticed Urug
 55318 | D:15     | Killed Urug
 55451 | D:15     | Found a staircase to the Depths.
 55683 | D:15     | Found Fygetiuz's Armour Shoppe.
 55692 | D:15     | Bought the +5 scale mail "Xihengik" {rPois MR+ Str+4 Int-1 SInv} for 900 gold pieces
 56089 | Depths:1 | Entered Level 1 of the Depths
 56845 | Depths:1 | Received a gift from Okawaru
 56919 | Depths:1 | Noticed the Enchantress
 56924 | Depths:1 | Killed the Enchantress
 56946 | Depths:1 | Reached skill level 23 in Fighting
 56980 | Depths:1 | Got a scintillating granite ring
 56992 | Depths:1 | Got a faerie dragon armour
 57011 | Depths:1 | Identified the -1 faerie dragon armour {rPois rF+} (You took it off the Enchantress on level 1 of the Depths)
 57028 | Depths:1 | Identified the ring of Insomnia {+Inv MP+9 Dex+3 Stlth+} (You took it off a spriggan defender on level 1 of the Depths)
 57478 | Depths:1 | Found a gateway to a ziggurat.
 58509 | Vaults:1 | Entered Level 1 of the Vaults
 59052 | Vaults:1 | Received a gift from Okawaru
 59053 | Vaults:1 | Got an encrusted war axe {god gift}
 59054 | Vaults:1 | Identified the +7 war axe "Omoi" {freeze, rElec} (Okawaru gifted it to you on level 1 of the Vaults)
 59120 | Vaults:1 | Reached XP level 22. HP: 219/219 MP: 20/20
 59524 | Vaults:1 | Found Kuum's Antique Weapon Emporium.
 60127 | Vaults:2 | Received a gift from Okawaru
 60312 | Vaults:2 | Found an iron altar of Okawaru.
 60344 | Vaults:2 | Noticed Mennas
 60365 | Vaults:2 | Killed Mennas
 60507 | Vaults:2 | Found a staircase to the Crypt.
 61530 | Vaults:3 | Reached skill level 24 in Fighting
 61820 | Vaults:3 | Received a gift from Okawaru
 62612 | Vaults:3 | Found Irennin's Armour Shoppe.
 62642 | Vaults:3 | Found Koanain's General Store.
 62689 | Vaults:3 | Found Shruniw's Gadget Shoppe.
 63587 | Vaults:4 | Reached XP level 23. HP: 229/229 MP: 21/21
 63607 | Vaults:4 | Noticed Margery
 63621 | Vaults:4 | Killed Margery
 63624 | Vaults:4 | Received a gift from Okawaru
 64110 | Vaults:4 | Got an ichor-stained ring mail
 64111 | Vaults:4 | Identified the +1 ring mail "Arho" {rN+} (You found it on level 4 of the Vaults)
 64189 | Vaults:4 | Received a gift from Okawaru
 64565 | Vaults:5 | Entered Level 5 of the Vaults
 65663 | Vaults:5 | Received a gift from Okawaru
 65710 | Vaults:5 | Got a distressingly furry chain mail {god gift}
 65726 | Vaults:5 | Identified the -1 chain mail of Baldness {Str+3 Int+2} (Okawaru gifted it to you on level 5 of the Vaults)
 66046 | Vaults:5 | Reached skill level 25 in Fighting
 66307 | Vaults:5 | Reached XP level 24. HP: 191/242 MP: 21/21
 66391 | Vaults:5 | HP: 4/242 [titan/the air (28)]
 66842 | Vaults:5 | Got a silver rune of Zot
 66959 | Vaults:5 | Got a brightly glowing scale mail
 66973 | Vaults:5 | Identified the +1 scale mail "Skigeiz" {Int-1} (You found it on level 5 of the Vaults)
 67124 | Vaults:5 | Got a warped glass ring
 67125 | Vaults:5 | Identified the ring "Kizunla" {EV+5 Dex+1 Slay+5} (You took it off an ironbrand convoker on level 5 of the Vaults)
 67358 | Vaults:5 | Identified a -1 rod of shadows (9/9) (You found it on level 5 of the Vaults)
 67672 | Vaults:5 | Got an ichor-stained flail
 69253 | Depths:2 | Found a one-way gate leading to the halls of Pandemonium.
 69770 | Depths:2 | Got a faintly glowing plate armour
 69794 | Depths:2 | Identified the +9 plate armour "Qietuffuu" {rF+ rC+ MR++} (You found it on level 2 of the Depths)
 70886 | Depths:3 | Noticed an ancient lich
 71096 | Depths:3 | Reached skill level 26 in Fighting
 71312 | Depths:3 | Reached XP level 25. HP: 236/252 MP: 22/22
 71864 | Depths:3 | Got a dazzling plate armour
 71865 | Depths:3 | Identified the +9 plate armour of Circular Logic {rElec Str-3} (You found it on level 3 of the Depths)
 71868 | Depths:3 | Got a steaming granite ring
 71870 | Depths:3 | Identified the ring "Yxkuden Toa" {Dex+3 Int+4 Stlth+} (You found it on level 3 of the Depths)
 71958 | Depths:3 | Killed an ancient lich
 72139 | Depths:4 | Received a gift from Okawaru
 72220 | Depths:4 | Found a corrupted altar of Lugonu.
 72220 | Depths:4 | Found a one-way gate to the infinite horrors of the Abyss.
 72286 | Depths:4 | Noticed Mara
 72296 | Depths:4 | Killed Mara
 73192 | Depths:5 | Entered Level 5 of the Depths
 73587 | Depths:5 | Found a gate to the Realm of Zot.
 73627 | Depths:5 | Upgraded the game from 0.15-a0-1723-gae8f746 to 0.15-a0-1729-g99b9770
 75386 | Zot:1    | Entered Level 1 of the Realm of Zot
 75736 | Zot:2    | Reached XP level 26. HP: 218/263 MP: 23/23
 75990 | Zot:3    | Reached skill level 27 in Fighting
 76307 | Zot:4    | Reached skill level 5 in Evocations
 76344 | Zot:4    | Received a gift from Okawaru
 76378 | Zot:4    | Received a gift from Okawaru
 76379 | Zot:4    | Got a bloodstained spear {god gift}
 76424 | Zot:5    | Entered Level 5 of the Realm of Zot
 76542 | Zot:5    | Reached skill level 27 in Axes
 76595 | Zot:5    | Noticed an ancient lich
 76596 | Zot:5    | Noticed an ancient lich
 76599 | Zot:5    | Noticed an ancient lich
 76617 | Zot:4    | Noticed an orb of fire
 76761 | Zot:4    | Killed an orb of fire
 76930 | Zot:5    | Noticed an orb of fire
 76954 | Zot:5    | Killed an orb of fire
 76958 | Zot:5    | Received a gift from Okawaru
 76960 | Zot:5    | Killed an ancient lich
 77381 | Zot:5    | Killed an ancient lich
 77405 | Zot:5    | Killed an ancient lich
 77551 | Zot:5    | Noticed an orb of fire
 77567 | Zot:5    | Killed an orb of fire
 77567 | Zot:5    | Reached XP level 27. HP: 235/272 MP: 30/30
 77673 | Zot:5    | Noticed an orb of fire
 77688 | Zot:5    | Killed an orb of fire
 77740 | Zot:5    | Noticed an orb of fire
 77757 | Zot:5    | Noticed an orb of fire
 77757 | Zot:5    | Killed an orb of fire
 77758 | Zot:5    | Gained mutation: Armour fits poorly on your strangely shaped body. [an orb of fire]
 77772 | Zot:5    | Killed an orb of fire
 77775 | Zot:5    | Noticed an ancient lich
 77786 | Zot:5    | Killed an ancient lich
 78091 | Zot:5    | Noticed an orb of fire
 78107 | Zot:5    | Killed an orb of fire
 78536 | Zot:5    | Reached skill level 10 in Evocations
 78546 | Zot:5    | Got the Orb of Zot
 78569 | Zot:5    | Gained mutation: You heal slowly when monsters are visible. [a neqoxec]
 78583 | Zot:5    | Noticed Xuumad the pandemonium lord
 78595 | Zot:5    | Received a gift from Okawaru
 78595 | Zot:5    | Killed Xuumad the pandemonium lord
 78605 | Zot:5    | Got a brightly glowing hat {god gift}
 78609 | Zot:5    | Identified the -5 hat of Stapocul {rF+ rC++} (Okawaru gifted it to you on level 5 of the Realm of Zot)
 78874 | Depths:4 | Noticed Shileukh the pandemonium lord
 78897 | Depths:4 | Killed Shileukh the pandemonium lord
 79027 | Depths:2 | Noticed Dapythre the pandemonium lord
 79041 | Depths:2 | Killed Dapythre the pandemonium lord
 79182 | D:15     | Noticed Duetun the pandemonium lord
 79182 | D:15     | Noticed an ancient lich
 79680 | D:1      | Noticed Wiycir the pandemonium lord
 79688 | D:1      | Killed Wiycir the pandemonium lord
 79743 | D:1      | Noticed Kuhoangoamp the pandemonium lord
 79760 | D:1      | Killed Kuhoangoamp the pandemonium lord
 79766 | D:1      | Reached skill level 27 in Shields
 79788 | D:$      | Escaped with the Orb!

Action                   |  1- 3 |  4- 6 |  7- 9 | 10-12 | 13-15 | 16-18 | 19-21 | 22-24 | 25-27 || total
-------------------------+-------+-------+-------+-------+-------+-------+-------+-------+-------++-------
Melee: War axe           |    78 |   156 |   262 |       |       |    82 |       |   101 |   118 ||   797
       Hand axe          |       |       |    99 |   933 |   731 |       |   671 |       |       ||  2434
       Broad axe         |       |       |       |       |   885 |  1329 |  1176 |  1277 |   862 ||  5529
       Rod               |       |       |       |       |       |       |       |     8 |       ||     8
Throw: Javelin           |       |       |       |       |       |       |     8 |       |       ||     8
Invok: Heroism           |       |       |     3 |    27 |    41 |    44 |    77 |    52 |    23 ||   267
       Finesse           |       |       |       |       |     2 |    10 |       |     2 |     2 ||    16
 Abil: Stop Flying       |       |       |       |       |     1 |       |       |     2 |     2 ||     5
       Evoke Flight      |       |       |       |       |     1 |       |       |     6 |     3 ||    10
       Evoke Berserk Rag |       |       |       |       |       |     3 |       |       |       ||     3
       Evoke Jump Attack |       |       |       |       |       |       |       |     1 |     1 ||     2
Evoke: Wand              |       |       |     7 |     9 |     4 |    16 |     3 |    12 |    14 ||    65
       Rod               |       |       |       |       |       |       |       |     1 |       ||     1
  Use: Potion            |     1 |       |     1 |     3 |    10 |    11 |    15 |    10 |     6 ||    57
       Scroll            |       |       |    16 |     6 |    28 |    17 |    15 |    22 |    12 ||   116
 Stab: Confused          |       |       |       |     5 |       |       |       |       |       ||     5
       Sleeping          |       |       |       |       |     3 |     2 |     7 |     1 |       ||    13
       Distracted        |       |       |       |       |       |     1 |     2 |    15 |    19 ||    37
       Petrifying        |       |       |       |       |       |       |       |     2 |       ||     2
